cohdb
Replays
Latest Replays
All Replays
Popular Replays
Top Player Replays
Match Explorer
How It Works
Community
CoH3 Stats
Reddit
Sign in to upload your games and track your stats! →
Sign in with Steam
Match 42433953
Unlisted
Match 42433953
Overview
Messages
Build Orders
End
Engineer Squad
Construct Barracks
Selects Special Operations Battlegroup
Selects M29 Weasel Recon Vehicle
M29 Weasel Recon Vehicle
Riflemen Squad
Riflemen Squad
Infantry Support Center
Construct Weapon Support Center
M1 Mortar Team
Construct Motor Pool
M24 Chaffee Light Tank
M29 Weasel Recon Vehicle
Construct Medical Station
Selects Raiding Flares
Selects SSF Commando Squad
SSF Commando Squad
M24 Chaffee Light Tank
M1 Anti-tank Gun Team
M24 Chaffee Light Tank
SSF Commando Squad
RustyEagle
BlindDeafOrphan
orenamzaleg
Genki
0
0
Comments
sign in to comment!
No comments posted yet!